 Dungeon Crawl Stone Soup version 0.28-a0-245-g639a1a48b9 (webtiles) character file.

Game seed: 10468535438386104752

170 siradein the Chopper (level 5, -2/46 HPs)
             Began as a Deep Dwarf Fighter on Aug 25, 2021.
             Slain by Natasha (3 damage)
             ... on level 3 of the Dungeon.
             The game lasted 00:04:37 (2155 turns).

siradein the Chopper (Deep Dwarf Fighter)           Turns: 2155, Time: 00:04:37

Health: -2/46      AC:  8    Str: 21    XL:     5   Next: 25%
Magic:  5/5        EV:  7    Int:  8    God:
Gold:   113        SH: 13    Dex: 12    Spells: 4/4 levels left

rFire   . . .      SeeInvis .   a - +0 war axe
rCold   . . .      Faith    .   c - +0 kite shield
rNeg    . . .      Spirit   .   b - +0 scale mail
rPois   .          Reflect  +   (no helmet)
rElec   .          Harm     .   (no cloak)
rCorr   .          Rampage  .   l - +0 pair of gloves
Will    .....                   (no boots)
Stlth   ..........              i - amulet of reflection
HPRegen 0.00/turn               (no ring)
MPRegen 0.09/turn               (no ring)

@: no status effects
A: damage resistance, heal wounds, sense surroundings 1, no regeneration
a: Heal Wounds


You were on level 3 of the Dungeon.
You visited 1 branch of the dungeon, and saw 3 of its levels.

You collected 113 gold pieces.

Inventory:

Hand Weapons
 a - a +0 war axe (weapon)
Armour
 b - a +0 scale mail (worn)
 c - a +0 kite shield (worn)
 l - a +0 pair of gloves (worn)
Jewellery
 i - an amulet of reflection (around neck)
Scrolls
 e - a scroll of identify {unknown}
 g - a scroll of amnesia {unknown}
 h - 2 scrolls of teleportation {unknown}
 k - 2 scrolls of enchant armour {unknown}
 m - a scroll of magic mapping {unknown}
Potions
 d - 2 potions of might
 f - 2 potions of heal wounds {unknown}
 j - 2 potions of degeneration {unknown}
 n - a potion of haste {unknown}


   Skills:
 - Level 2.6 Fighting
 + Level 6.1 Axes
 - Level 3.2 Armour
 - Level 3.2 Shields


You had 4 spell levels left.
You didn't know any spells.
Your spell library contained the following spells:

 Spells                   Type           Power      Damage    Failure   Level
 Static Discharge         Conj/Air       0%         N/A       100%        2
 Lightning Bolt           Conj/Air       0%         1d11      100%        5
 Maxwell's Capacitive Co  Air            0%         ∞         100%        8


Dungeon Overview and Level Annotations

Branches:
Dungeon (3/15)

Altars:
Ashenzari

Annotations:
D:3 Natasha


Innate Abilities, Weirdness & Mutations

You are resistant to damage.
You can heal yourself by infusing magical energy.
You passively map a small area around you.
You do not regenerate.


Message History

You block the adder's attack.
You barely miss the adder.
The adder is lightly wounded.
You block the adder's attack. The adder bites you.
You are poisoned.
The adder poisons you!
You slash the adder!
You kill the adder!
You see here an adder corpse.
A kobold comes into view. It is wielding a +0 whip.
You are no longer poisoned.
The kobold shouts!
You hear an angry hiss.
A kobold is nearby!
A kobold is nearby!
A kobold is nearby!
A kobold is nearby!
A kobold is nearby!
The kobold barely misses you.
A ball python comes into view.
You closely miss the kobold.
The ball python hisses angrily.
Natasha, Servant of Life and Death comes into view.
The kobold hits you but does no damage.
You closely miss the kobold. The kobold hits you but does no damage.
Natasha mumbles some strange words.
You block the kobold's attack.
You slash the kobold!
You kill the kobold!
You block the ball python's attack. The ball python closely misses you.
Things that are here:
a +0 whip; 5 stones You slash the ball python!
You kill the ball python!
The crimson imp blinks!
Natasha mewls in sadness.
Natasha barely misses you.
You closely miss Natasha. Natasha claws you!
* * * LOW HITPOINT WARNING * * *
You barely miss Natasha. Natasha claws you.
You die...

#......# *,,
..##..... ,
#.##..## ###
..., #.#...# ,
, #.#.#.# ** ,
#.....#
###.### #####
** ,* *
#.#######... ,
* ,,
#.>..†..#.####
*,
#######....@h#
,
###.##.......
,, #.# ###.###
, #.# * # , ,
* #.. ###** *
* * , * ,*


You could see Natasha.

Vanquished Creatures
  Jessica (D:2)
  Natasha (D:3)
  2 orc wizards (D:3)
  An adder (D:3)
  A dart slug (D:1)
  An orc (D:3)
  4 bats
  3 endoplasms (D:1)
  4 giant cockroaches
  9 goblins
  5 hobgoblins
  3 kobolds
  2 quokkas (D:1)
  5 ball pythons
  7 frilled lizards
  6 rats
  A spectral hobgoblin (D:1)
56 creatures vanquished.

Notes
Turn   | Place    | Note
-------+----------+-------------------------------------------
     0 | D:1      | siradein the Deep Dwarf Fighter began the quest for the
                  | Orb.
     0 | D:1      | Reached XP level 1. HP: 20/20 MP: 1/1
    69 | D:1      | Found a faded altar of an unknown god.
   101 | D:1      | Reached skill level 3 in Axes
   101 | D:1      | Reached XP level 2. HP: 22/27 MP: 2/2
   382 | D:1      | Reached XP level 3. HP: 24/33 MP: 3/3
   409 | D:1      | Reached skill level 4 in Axes
  1295 | D:2      | Noticed Jessica
  1314 | D:2      | Killed Jessica
  1315 | D:2      | Reached XP level 4. HP: 17/40 MP: 4/4
  1320 | D:2      | Found a broken altar of Ashenzari.
  1744 | D:3      | Reached skill level 5 in Axes
  2104 | D:3      | Noticed Natasha
  2112 | D:3      | Killed Natasha
  2113 | D:3      | Reached skill level 6 in Axes
  2113 | D:3      | Reached XP level 5. HP: 10/46 MP: 5/5
  2149 | D:3      | Noticed Natasha
  2154 | D:3      | HP: 1/46 [Natasha (6)]
  2155 | D:3      | Slain by Natasha

Illustrated notes

Levels and vault maps discovered:
D:1:      zelgadis_glass_arrival_small, layout_basic,
          dreamdust_ecumenical_altar_drowned_temple, hangedman_glass_teeth,
          dk_noncrumbling_4, kennysheep_doodads, st_stairs_6,
          minmay_heptomino_h4
D:2:      layout_loops_corners, basic_altar, uniq_jessica
D:3:      layout_loops_cross, mainiacjoe_overflow_chevrons,
          minmay_stone_trees_small, uniq_robin, uniq_grinder, uniq_natasha

Skill      XL: |  1  2  3  4 |
---------------+-------------+-----
Axes           | 3 4 6 |  6.1
Fighting       | |  2.6
Armour         | |  3.2
Shields        | |  3.2

Action                   |  1- 3 |  4- 6 || total
-------------------------+-------+-------++-------
Melee: War axe           |   122 |    57 ||   179
 Abil: Heal Wounds       |       |     1 ||     1
Armor: Scale mail        |    53 |    19 ||    72
Dodge: Dodged            |    39 |    22 ||    61
Block: Kite shield       |    77 |    49 ||   126

Table legend: (Time is in decaauts)
 A = Elapsed time spent in this place.
 B = Non-inter-level travel time spent in this place.
 C = Inter-level travel time spent in this place.
 D = Time resting spent in this place.
 E = Time spent auto-exploring this place.
 F = Levels seen in this place.
 G = Mean time per level.
                   A        B        C        D        E       F      G
               +--------+--------+--------+--------+--------+-----+--------+
         Total |   2255 |   2220 |     35 |    304 |   1373 |   3 |  751.7 |
       Dungeon |   2255 |   2220 |     35 |    304 |   1373 |   3 |  751.7 |
               +--------+--------+--------+--------+--------+-----+--------+

Top non-repeatable levels by time:
     D:2: 887 daAuts
     D:1: 860 daAuts
     D:3: 508 daAuts
